Workbook

Sheet 見積書
A1: 御 見 積 書
B2: 外壁・屋根の塗装工事（部位ごとの内訳と塗料つき）
F3: 見積日
A4: 様・御中 | F4: 見積番号
F5: 有効期限
A6: 下記のとおり御見積申し上げます。
A7: 工事名 | F7: 発行者
A8: 工事場所 | F8: 住所
A9: 工期（予定） | F9: 電話
A10: お支払条件 | F10: 建設業の許可
A11: 御見積金額（税込） | C11: =H30 | F11: 登録番号
A13: 建物と塗る面積
A14: 建物 | F14: 外壁・屋根の材質
A15: 塗る面積 | F15: 足場
A17: 見積の内訳（部位ごと・金額は税抜）
A18: 部位 | D18: 主な内容 | H18: 金額
H19: =IF($A19="","",SUMIF('内訳明細'!$B$6:$B$35,$A19,'内訳明細'!$H$6:$H$35))
H20: =IF($A20="","",SUMIF('内訳明細'!$B$6:$B$35,$A20,'内訳明細'!$H$6:$H$35))
H21: =IF($A21="","",SUMIF('内訳明細'!$B$6:$B$35,$A21,'内訳明細'!$H$6:$H$35))
H22: =IF($A22="","",SUMIF('内訳明細'!$B$6:$B$35,$A22,'内訳明細'!$H$6:$H$35))
H23: =IF($A23="","",SUMIF('内訳明細'!$B$6:$B$35,$A23,'内訳明細'!$H$6:$H$35))
H24: =IF($A24="","",SUMIF('内訳明細'!$B$6:$B$35,$A24,'内訳明細'!$H$6:$H$35))
A25: 直接工事費の計 | H25: =SUM(H19:H24)
A26: 諸経費
A27: 値引き（マイナスで）
E28: 小計（税抜） | H28: =H25+H26+H27
E29: 消費税（10%） | H29: =ROUNDDOWN(H28*10/100,0)
E30: 御見積金額（税込） | H30: =H28+H29
A32: 塗料と塗り回数
A33: 部位 | C33: 下塗り | E33: 中塗り・上塗り | G33: 塗り回数 | H33: 色
A39: 備考
A42: 部位ごとの金額は、内訳明細書の行を「部位」の名前で足し上げた額です（部位の名前は表紙と内訳で同じ字に）。値引きはマイナスの数で書きます。消費税は小計に1回だけ掛け、1円未満は切り捨てにしています。

Sheet 内訳明細
A1: 内 訳 明 細 書
B2: 部位ごとに、工程・塗料・数量・単価を1行ずつ書く
A3: 工事名 | C3: =IF('見積書'!C7="","",'見積書'!C7) | F3: 金額は税抜（消費税は表紙で計算）
A5: No. | B5: 部位 | C5: 工程・名称 | D5: 塗料・仕様 | E5: 数量 | F5: 単位 | G5: 単価 | H5: 金額 | I5: 備考
A6: 1 | H6: =IF(AND(ISNUMBER(E6),ISNUMBER(G6)),ROUND(E6*G6,0),"")
A7: 2 | H7: =IF(AND(ISNUMBER(E7),ISNUMBER(G7)),ROUND(E7*G7,0),"")
A8: 3 | H8: =IF(AND(ISNUMBER(E8),ISNUMBER(G8)),ROUND(E8*G8,0),"")
A9: 4 | H9: =IF(AND(ISNUMBER(E9),ISNUMBER(G9)),ROUND(E9*G9,0),"")
A10: 5 | H10: =IF(AND(ISNUMBER(E10),ISNUMBER(G10)),ROUND(E10*G10,0),"")
A11: 6 | H11: =IF(AND(ISNUMBER(E11),ISNUMBER(G11)),ROUND(E11*G11,0),"")
A12: 7 | H12: =IF(AND(ISNUMBER(E12),ISNUMBER(G12)),ROUND(E12*G12,0),"")
A13: 8 | H13: =IF(AND(ISNUMBER(E13),ISNUMBER(G13)),ROUND(E13*G13,0),"")
A14: 9 | H14: =IF(AND(ISNUMBER(E14),ISNUMBER(G14)),ROUND(E14*G14,0),"")
A15: 10 | H15: =IF(AND(ISNUMBER(E15),ISNUMBER(G15)),ROUND(E15*G15,0),"")
A16: 11 | H16: =IF(AND(ISNUMBER(E16),ISNUMBER(G16)),ROUND(E16*G16,0),"")
A17: 12 | H17: =IF(AND(ISNUMBER(E17),ISNUMBER(G17)),ROUND(E17*G17,0),"")
... A35: 30 | H35: =IF(AND(ISNUMBER(E35),ISNUMBER(G35)),ROUND(E35*G35,0),"")
A36: 直接工事費の計 | H36: =SUM(H6:H35)
A38: 1行に1つの工程を書きます。外壁と屋根は下塗り・中塗り・上塗りを別の行にし、塗料の名前（製品名とグレード）を「塗料・仕様」の欄に書きます。金額＝数量×単価（1円未満は四捨五入）。

Sheet 記入例（見積書）
A1: 御 見 積 書
B2: 外壁・屋根の塗装工事（部位ごとの内訳と塗料つき） | H2: 記入例
F3: 見積日 | G3: 2026年10月12日
A4: ◯◯ ◯◯ 様 | F4: 見積番号 | G4: 2610-05
F5: 有効期限 | G5: 2026年11月11日（見積日から30日）
A6: 下記のとおり御見積申し上げます。
A7: 工事名 | C7: 外壁・屋根塗装工事 | F7: 発行者 | G7: ◯◯塗装 ◯◯ ◯◯
A8: 工事場所 | C8: ◯◯県◯◯市◯◯町 1-2-3（◯◯様邸） | F8: 住所 | G8: ◯◯県◯◯市◯◯町 4-5-6
A9: 工期（予定） | C9: 2026年11月中旬〜下旬（約14日・雨の日は延びます） | F9: 電話 | G9: 090-◯◯◯◯-◯◯◯◯
A10: お支払条件 | C10: 完工後、翌月末までにお振込み | F10: 建設業の許可 | G10: ◯◯県知事 許可（般-◯）第◯◯◯◯◯号
A11: 御見積金額（税込） | C11: =H30 | F11: 登録番号 | G11: T◯◯◯◯◯◯◯◯◯◯◯◯◯
A13: 建物と塗る面積
A14: 建物 | C14: 木造2階建て・延床30坪（約99㎡） | F14: 外壁・屋根の材質 | G14: 外壁 窯業系サイディング／屋根 化粧スレート
A15: 塗る面積 | C15: 外壁 125㎡（実測・窓を除く）／屋根 70㎡ | F15: 足場 | G15: 260㎡（足場の架面積）
A17: 見積の内訳（部位ごと・金額は税抜）
A18: 部位 | D18: 主な内容 | H18: 金額
A19: 仮設工事 | D19: 足場・飛散防止ネット・高圧洗浄・養生 | H19: =IF($A19="","",SUMIF('記入例（内訳）'!$B$6:$B$35,$A19,'記入例（内訳）'!$H$6:$H$35))
A20: 下地補修 | D20: 外壁のひび割れ | H20: =IF($A20="","",SUMIF('記入例（内訳）'!$B$6:$B$35,$A20,'記入例（内訳）'!$H$6:$H$35))
A21: シーリング工事 | D21: 外壁の目地の打ち替え・サッシ回りの増し打ち | H21: =IF($A21="","",SUMIF('記入例（内訳）'!$B$6:$B$35,$A21,'記入例（内訳）'!$H$6:$H$35))
A22: 外壁塗装 | D22: 下塗り・中塗り・上塗りの3回 | H22: =IF($A22="","",SUMIF('記入例（内訳）'!$B$6:$B$35,$A22,'記入例（内訳）'!$H$6:$H$35))
A23: 屋根塗装 | D23: 縁切りと、下塗り・中塗り・上塗りの3回 | H23: =IF($A23="","",SUMIF('記入例（内訳）'!$B$6:$B$35,$A23,'記入例（内訳）'!$H$6:$H$35))
A24: 付帯部塗装 | D24: 軒天・破風・雨樋・水切り | H24: =IF($A24="","",SUMIF('記入例（内訳）'!$B$6:$B$35,$A24,'記入例（内訳）'!$H$6:$H$35))
A25: 直接工事費の計 | H25: =SUM(H19:H24)
A26: 諸経費 | D26: 現場管理・運搬 | H26: 60000
A27: 値引き（マイナスで） | H27: 0
E28: 小計（税抜） | H28: =H25+H26+H27
E29: 消費税（10%） | H29: =ROUNDDOWN(H28*10/100,0)
E30: 御見積金額（税込） | H30: =H28+H29
A32: 塗料と塗り回数
A33: 部位 | C33: 下塗り | E33: 中塗り・上塗り | G33: 塗り回数 | H33: 色
A34: 外壁 | C34: 水性シーラー | E34: 水性シリコン樹脂塗料 | G34: 3 | H34: 淡いベージュ
A35: 屋根 | C35: スレート用シーラー | E35: 屋根用シリコン樹脂塗料 | G35: 3 | H35: こげ茶
A36: 付帯部 | C36: 鉄部は錆止め | E36: 弱溶剤シリコン樹脂塗料 | G36: 2 | H36: 白
A39: 備考 | C39: 面積は着工前に実測した値です。下地の傷みが見積の想定より大きい場合は、補修の方法と金額を別にご相談します。色は色見本でお決めいただきます。
A42: 部位ごとの金額は、内訳明細書の行を「部位」の名前で足し上げた額です（部位の名前は表紙と内訳で同じ字に）。値引きはマイナスの数で書きます。消費税は小計に1回だけ掛け、1円未満は切り捨てにしています。 記入例の単価は書き方を示すための仮の数字で、相場ではありません。

Sheet 記入例（内訳）
A1: 内 訳 明 細 書
B2: 部位ごとに、工程・塗料・数量・単価を1行ずつ書く | I2: 記入例
A3: 工事名 | C3: =IF('記入例（見積書）'!C7="","",'記入例（見積書）'!C7) | F3: 金額は税抜（消費税は表紙で計算）
A5: No. | B5: 部位 | C5: 工程・名称 | D5: 塗料・仕様 | E5: 数量 | F5: 単位 | G5: 単価 | H5: 金額 | I5: 備考
A6: 1 | B6: 仮設工事 | C6: 足場 架設・解体 | D6: くさび式 | E6: 260 | F6: ㎡ | G6: 800 | H6: =IF(AND(ISNUMBER(E6),ISNUMBER(G6)),ROUND(E6*G6,0),"") | I6: 架面積
A7: 2 | B7: 仮設工事 | C7: 飛散防止ネット | D7: メッシュシート | E7: 260 | F7: ㎡ | G7: 150 | H7: =IF(AND(ISNUMBER(E7),ISNUMBER(G7)),ROUND(E7*G7,0),"")
A8: 3 | B8: 仮設工事 | C8: 高圧洗浄 | D8: 外壁・屋根 | E8: 195 | F8: ㎡ | G8: 200 | H8: =IF(AND(ISNUMBER(E8),ISNUMBER(G8)),ROUND(E8*G8,0),"")
A9: 4 | B9: 仮設工事 | C9: 養生 | D9: 窓・床・植木・車 | E9: 125 | F9: ㎡ | G9: 300 | H9: =IF(AND(ISNUMBER(E9),ISNUMBER(G9)),ROUND(E9*G9,0),"")
A10: 5 | B10: 下地補修 | C10: ひび割れ補修 | D10: 幅の広いものはVカットして充填 | E10: 1 | F10: 式 | G10: 20000 | H10: =IF(AND(ISNUMBER(E10),ISNUMBER(G10)),ROUND(E10*G10,0),"") | I10: 数は着工後に確認
A11: 6 | B11: シーリング工事 | C11: 外壁の目地 打ち替え | D11: 撤去・プライマー・充填 | E11: 150 | F11: m | G11: 1000 | H11: =IF(AND(ISNUMBER(E11),ISNUMBER(G11)),ROUND(E11*G11,0),"")
A12: 7 | B12: シーリング工事 | C12: サッシ回り 増し打ち | D12: プライマー・充填 | E12: 60 | F12: m | G12: 600 | H12: =IF(AND(ISNUMBER(E12),ISNUMBER(G12)),ROUND(E12*G12,0),"")
A13: 8 | B13: 外壁塗装 | C13: 下塗り | D13: 水性シーラー | E13: 125 | F13: ㎡ | G13: 700 | H13: =IF(AND(ISNUMBER(E13),ISNUMBER(G13)),ROUND(E13*G13,0),"")
A14: 9 | B14: 外壁塗装 | C14: 中塗り | D14: 水性シリコン樹脂塗料 | E14: 125 | F14: ㎡ | G14: 1000 | H14: =IF(AND(ISNUMBER(E14),ISNUMBER(G14)),ROUND(E14*G14,0),"")
A15: 10 | B15: 外壁塗装 | C15: 上塗り | D15: 水性シリコン樹脂塗料 | E15: 125 | F15: ㎡ | G15: 1000 | H15: =IF(AND(ISNUMBER(E15),ISNUMBER(G15)),ROUND(E15*G15,0),"") | I15: 中塗りと同じ色
A16: 11 | B16: 屋根塗装 | C16: 縁切り | D16: 部材の差し込み | E16: 70 | F16: ㎡ | G16: 400 | H16: =IF(AND(ISNUMBER(E16),ISNUMBER(G16)),ROUND(E16*G16,0),"")
A17: 12 | B17: 屋根塗装 | C17: 下塗り | D17: スレート用シーラー | E17: 70 | F17: ㎡ | G17: 700 | H17: =IF(AND(ISNUMBER(E17),ISNUMBER(G17)),ROUND(E17*G17,0),"")
A18: 13 | B18: 屋根塗装 | C18: 中塗り | D18: 屋根用シリコン樹脂塗料 | E18: 70 | F18: ㎡ | G18: 1100 | H18: =IF(AND(ISNUMBER(E18),ISNUMBER(G18)),ROUND(E18*G18,0),"")
A19: 14 | B19: 屋根塗装 | C19: 上塗り | D19: 屋根用シリコン樹脂塗料 | E19: 70 | F19: ㎡ | G19: 1100 | H19: =IF(AND(ISNUMBER(E19),ISNUMBER(G19)),ROUND(E19*G19,0),"")
A20: 15 | B20: 付帯部塗装 | C20: 軒天 | D20: 水性つや消し塗料 2回 | E20: 30 | F20: ㎡ | G20: 1000 | H20: =IF(AND(ISNUMBER(E20),ISNUMBER(G20)),ROUND(E20*G20,0),"")
A21: 16 | B21: 付帯部塗装 | C21: 破風・鼻隠し | D21: 弱溶剤シリコン樹脂塗料 2回 | E21: 45 | F21: m | G21: 900 | H21: =IF(AND(ISNUMBER(E21),ISNUMBER(G21)),ROUND(E21*G21,0),"")
A22: 17 | B22: 付帯部塗装 | C22: 雨樋 | D22: 弱溶剤シリコン樹脂塗料 2回 | E22: 50 | F22: m | G22: 900 | H22: =IF(AND(ISNUMBER(E22),ISNUMBER(G22)),ROUND(E22*G22,0),"") | I22: 縦樋・横樋
A23: 18 | B23: 付帯部塗装 | C23: 水切り（鉄部） | D23: 錆止め＋上塗り | E23: 30 | F23: m | G23: 600 | H23: =IF(AND(ISNUMBER(E23),ISNUMBER(G23)),ROUND(E23*G23,0),"")
A24: 19 | H24: =IF(AND(ISNUMBER(E24),ISNUMBER(G24)),ROUND(E24*G24,0),"")
A25: 20 | H25: =IF(AND(ISNUMBER(E25),ISNUMBER(G25)),ROUND(E25*G25,0),"")
A26: 21 | H26: =IF(AND(ISNUMBER(E26),ISNUMBER(G26)),ROUND(E26*G26,0),"")
A27: 22 | H27: =IF(AND(ISNUMBER(E27),ISNUMBER(G27)),ROUND(E27*G27,0),"")
A28: 23 | H28: =IF(AND(ISNUMBER(E28),ISNUMBER(G28)),ROUND(E28*G28,0),"")
A29: 24 | H29: =IF(AND(ISNUMBER(E29),ISNUMBER(G29)),ROUND(E29*G29,0),"")
A30: 25 | H30: =IF(AND(ISNUMBER(E30),ISNUMBER(G30)),ROUND(E30*G30,0),"")
A31: 26 | H31: =IF(AND(ISNUMBER(E31),ISNUMBER(G31)),ROUND(E31*G31,0),"")
A32: 27 | H32: =IF(AND(ISNUMBER(E32),ISNUMBER(G32)),ROUND(E32*G32,0),"")
A33: 28 | H33: =IF(AND(ISNUMBER(E33),ISNUMBER(G33)),ROUND(E33*G33,0),"")
A34: 29 | H34: =IF(AND(ISNUMBER(E34),ISNUMBER(G34)),ROUND(E34*G34,0),"")
A35: 30 | H35: =IF(AND(ISNUMBER(E35),ISNUMBER(G35)),ROUND(E35*G35,0),"")
A36: 直接工事費の計 | H36: =SUM(H6:H35)
A38: 1行に1つの工程を書きます。外壁と屋根は下塗り・中塗り・上塗りを別の行にし、塗料の名前（製品名とグレード）を「塗料・仕様」の欄に書きます。金額＝数量×単価（1円未満は四捨五入）。
